 Dungeon Crawl Stone Soup version 0.19-a0-606-gee5277e (webtiles) character file.

576 Arkorax the Skirmisher (level 7, -3/76 HPs)
             Began as an Ogre Fighter on June 12, 2016.
             Was an Initiate of Okawaru.
             Shot with an arrow by a centaur (12 damage)
             ... on level 5 of the Dungeon.
             The game lasted 00:04:34 (3863 turns).

Arkorax the Skirmisher (Ogre Fighter)               Turns: 3863, Time: 00:04:35

Health: -3/76      AC:  5    Str: 23    XL:     7   Next: 35%
Magic:  7/7        EV:  9    Int: 12    God:    Okawaru [......]
Gold:   229        SH: 10    Dex: 10    Spells: 0 memorised, 6 levels left

rFire  . . .     SeeInvis .     a - +0 flail
rCold  . . .     Gourm    .     b - +0 robe
rNeg   . . .     Faith    .     c - +0 shield
rPois  +         Spirit   .     (helmet restricted)
rElec  .         Dismiss  .     (no cloak)
rCorr  .         Reflect  .     (gloves unavailable)
SustAt .         Harm     .     (boots unavailable)
MR     .....                    i - amulet of rage
Stlth  +.........               (no ring)
                                (no ring)

@: brilliant, not resistant to hostile enchantments, very unstealthy
A: unfitting armour, slimy green scales 1, blink, poison resistance, tough skin
1
a: Blink, Renounce Religion, Evoke Berserk Rage


You were on level 5 of the Dungeon.
You worshipped Okawaru.
Okawaru was noncommittal.
You were hungry.

You visited 2 branches of the dungeon, and saw 6 of its levels.

You collected 229 gold pieces.

Inventory:

Hand Weapons
 a - a +0 flail (weapon)
Armour
 b - a +0 robe (worn)
 c - a +0 shield (worn)
Jewellery
 i - an amulet of rage (around neck)
 r - an uncursed amulet of regeneration {unknown}
Scrolls
 h - a scroll of remove curse {unknown}
 m - 2 scrolls of identify {unknown}
 o - 2 scrolls of amnesia {unknown}
 p - a scroll of immolation {unknown}
 q - 2 scrolls of enchant armour {unknown}
 s - a scroll of noise {unknown}
 u - a scroll of enchant weapon {unknown}
Potions
 d - a potion of might
 e - a potion of curing {unknown}
 j - a potion of invisibility {unknown}
 k - a potion of mutation
 n - a potion of flight {unknown}
 t - a potion of magic {unknown}
Comestibles
 f - 2 bread rations
 g - 2 meat rations


   Skills:
 + Level 6.5 Fighting
 + Level 5.7 Maces & Flails
 - Level 2.6 Dodging
 * Level 5.5 Shields


You had 6 spell levels left.
You didn't know any spells.

Dungeon Overview and Level Annotations

Branches:
Dungeon (5/15)             Temple (1/1) D:4

Altars:
Cheibriados
Fedhas
Gozag
Hepliaklqana
Kikubaaqudgha
Makhleb
Nemelex Xobeh
Okawaru
Qazlal
Ru
Sif Muna
Uskayaw
Xom
Yredelemnul
Zin


Innate Abilities, Weirdness & Mutations

You are too large for most types of armour.
You have tough skin. (AC +1)
You are partially covered in slimy green scales. (AC +2)
You can translocate small distances at will.
Your system is resistant to poisons. (rPois)


Message History

You are too injured to fight recklessly!
You are too injured to fight recklessly!
You are too injured to fight recklessly!
Unknown command.
It was a potion of mutation.
You feel extremely strange.
You feel jittery.
Slimy green scales grow over part of your body.
You feel resistant to poisons.
The centaur shoots an arrow.
The arrow hits you but does no damage. The centaur closely misses you.
You blink.
You feel slightly more hungry.
The centaur wields an uncursed shortbow.
The centaur shoots an arrow.
You block the arrow.
Okay, then.
The centaur unwields an uncursed shortbow.
You block the centaur's attack.
It was a potion of brilliance.
You feel clever all of a sudden.
The centaur shoots an arrow.
The arrow hits you!
You die...

..# ### #.# ### ###
#<# #.# .. ..#
#.###.# #.##.#
#...#.########.##.###
#>..................
#.#.#....(..##....#
#.#.##.####(###..(#
#.#.........(...@.#
#............(.c..#
#######.......%.).#
....c........#
.................
.)............#..
..c..##+#.#....<.
.... #.#..##.. ##
#.#... .[


You could see 2 centaurs.

Vanquished Creatures
  The ghost of Zzzzzzzzz the Digger, an amateur GrEE of Vehumet (D:4)
  The ghost of ig87 the Ruffian, an amateur NaTm (D:3)
  An orc wizard (D:4)
  An iguana (D:4)
  A worker ant (D:4)
  4 gnolls (D:4)
  5 adders
  2 worms (D:2)
  A dart slug (D:3)
  7 giant geckos
  11 orcs
  3 bats
  3 giant cockroaches
  10 goblins
  11 hobgoblins
  5 jackals
  3 ball pythons
  3 giant newts (D:2)
  11 kobolds
  7 rats
91 creatures vanquished.

Notes
Turn   | Place    | Note
--------------------------------------------------------------
     0 | D:1      | Arkorax the Ogre Fighter began the quest for the Orb.
     0 | D:1      | Reached XP level 1. HP: 24/24 MP: 1/1
   130 | D:1      | Reached XP level 2. HP: 10/32 MP: 2/2
   681 | D:1      | Reached XP level 3. HP: 22/40 MP: 3/3
  1595 | D:2      | Reached XP level 4. HP: 44/49 MP: 4/4
  2063 | D:2      | Found a glowing silver altar of Zin.
  2063 | D:2      | Noticed an angel
  2111 | D:3      | Noticed ig87's ghost (amateur NaTm)
  2319 | D:3      | Killed ig87's ghost
  2319 | D:3      | Reached skill level 5 in Fighting
  2319 | D:3      | Reached XP level 5. HP: 57/57 MP: 5/5
  2319 | D:3      | Reached XP level 6. HP: 66/66 MP: 6/6
  2467 | D:3      | Found a burning altar of Makhleb.
  2765 | D:4      | Found a sparkling altar of Nemelex Xobeh.
  2779 | D:4      | Noticed Zzzzzzzzz's ghost (amateur GrEE)
  2789 | D:4      | Killed Zzzzzzzzz's ghost
  2789 | D:4      | Reached skill level 6 in Fighting
  2789 | D:4      | Reached skill level 5 in Maces & Flails
  2789 | D:4      | Reached skill level 5 in Shields
  2814 | D:4      | Reached XP level 7. HP: 50/75 MP: 7/7
  2843 | D:4      | Found a staircase to the Ecumenical Temple.
  2893 | Temple   | Entered the Ecumenical Temple
  2976 | Temple   | Became a worshipper of Warmaster Okawaru
  3844 | D:5      | Entered Level 5 of the Dungeon
  3860 | D:5      | Gained mutation: You can translocate small distances at will. [potion of mutation]
  3860 | D:5      | Gained mutation: You are partially covered in slimy green scales. (AC +2) [potion of mutation]
  3860 | D:5      | Gained mutation: Your system is resistant to poisons. (rPois) [potion of mutation]
  3863 | D:5      | Shot with an arrow by a centaur

Vault maps used:
D:1:      dpeg_arrival_tiny_c, fountainhead
D:2:      zin_angel
D:3:      overflow_temple_1_default
D:4:      nemelex_xobeh_ov_fountains_minmay, minmay_temple_entry_purple_smoke,
          first_bread, grunt_ministairs_11
D:5:      corexii_corridor_pit, uniq_duvessa, uniq_pikel, uniq_grinder
Temple:   kilobyte_greek_temple_18

Skill      XL: |  1  2  3  4  5  6 |
---------------+-------------------+-----
Maces & Flails | 3 4 5 |  5.7
Shields        | 3 4 5 |  5.5
Fighting       | 5 6 |  6.5
Dodging        | |  2.6

Action                   |  1- 3 |  4- 6 |  7- 9 || total
-------------------------+-------+-------+-------++-------
Melee: Flail             |   141 |   119 |    63 ||   323
 Abil: Evoke Berserk Rag |       |     3 |       ||     3
       Blink             |       |       |     1 ||     1
  Use: Potion            |       |       |     2 ||     2
 Stab: Sleeping          |     1 |       |       ||     1
  Eat: Chunk             |     2 |     1 |     4 ||     7
       Bread ration      |       |     1 |       ||     1
Armor: Robe              |    21 |    24 |    11 ||    56
Dodge: Dodged            |    40 |    43 |    17 ||   100
Block: Shield            |    59 |    63 |    25 ||   147
